 Dungeon Crawl Stone Soup version 0.30-a0-715-gdb4ae3ece1 (webtiles) character file.

Game seed: 14366508817784144107

47 Shayle the Conjurer (level 3, 0/24 (28) HPs)
             Began as a Demonspawn Reaver on Jan 24, 2023.
             Slain by a black bear (2 damage)
             ... on level 4 of the Dungeon.
             The game lasted 00:04:06 (2274 turns).

Shayle the Conjurer (Demonspawn Reaver)             Turns: 2274, Time: 00:04:07

HP:   0/24 (28)     AC:  3    Str: 12    XL:     3   Next: 48%
MP:   5/6           EV: 11    Int: 16    God:
Gold: 86            SH:  0    Dex: 11    Spells: 5/6 levels left

rFire   . . .      SeeInvis .    a - +0 spear
rCold   . . .      Faith    .    (no shield)
rNeg    . . .      Spirit   .    b - +0 leather armour
rPois   .          Reflect  .    (no helmet)
rElec   .          Harm     .    (no cloak)
rCorr   .          Rampage  .    (no gloves)
Will    .....                    (no boots)
Stlth   +                        d - amulet of regeneration
HPRegen 1.04/turn                (no ring)
MPRegen 0.10/turn                (no ring)

@: mighty, heavily drained
A: demonic magic 1
a: no special abilities


You were on level 4 of the Dungeon.
You visited 1 branch of the dungeon, and saw 4 of its levels.

You collected 86 gold pieces.

Inventory:

Hand Weapons
 a - a +0 spear (weapon)
Missiles
 n - 3 silver javelins (quivered)
Armour
 b - a +0 leather armour (worn)
Jewellery
 d - an amulet of regeneration (around neck)
Scrolls
 c - 2 scrolls of enchant weapon {unknown}
 i - 2 scrolls of teleportation {unknown}
 j - 2 scrolls of magic mapping {unknown}
 k - 2 scrolls of poison {unknown}
 l - a scroll of identify
 m - a scroll of fog {unknown}
Potions
 e - a potion of flight
 f - a potion of magic
 h - a potion of brilliance


   Skills:
 + Level 2.7 Fighting
 - Level 2.6 Polearms
 - Level 1.7 Dodging
 + Level 1.6 Stealth
 - Level 2.0 Spellcasting
 - Level 3.0 Conjurations
 + Level 1.6 Hexes


You had 5 spell levels left.
You knew the following spells:

 Your Spells              Type           Power      Damage    Failure   Level
a - Kiss of Death         Conj/Necr      24%        2d7       14%         1

Your spell library contained the following spells:

 Spells                   Type           Power      Damage    Failure   Level
 Momentum Strike          Conj/Tloc      12%        3d8       22%         2
 Confusing Touch          Hex            6%         N/A       36%         3
 Hailstorm                Conj/Ice       6%         3d4       38%         3
 Dispel Undead            Necr           1%         3d6       95%         4


Dungeon Overview and Level Annotations

Branches:
Dungeon (4/15)
 Temple: D:4-7

Altars:

Annotations:
D:3 Sigmund


Innate Abilities, Weirdness & Mutations

Spells you cast may paralyse adjacent enemies.


Message History

The black bear claws you.
You barely miss the black bear.
The black bear is lightly wounded.
The black bear bites you.
The black bear claws you but does no damage.
The black bear claws you.
You hit the black bear.
The black bear is moderately wounded.
The black bear barely misses you. x2
The black bear claws you but does no damage.
You hit the black bear but do no damage.
The black bear is moderately wounded.
The black bear bites you.
* * * LOW HITPOINT WARNING * * *
The black bear misses you. The black bear barely misses you.
Casting: Kiss of Death (safe; 14% risk of failure)
Confirm with . or Enter, or press ? or * to list all spells.
Aiming: Kiss of Death (safe; 14% risk of failure)
Press: ? - help, Shift-Dir - straight line, f - black bear
Aim: a black bear (moderately wounded, 100% to hit)
The negative energy hits the black bear.
The black bear is drained!
The black bear is moderately wounded.
You feel drained. Malevolent energies surge around you.
The black bear bites you.
* * * LOW HITPOINT WARNING * * *
The black bear claws you but does no damage.
The black bear claws you.
* * * LOW HITPOINT WARNING * * *
You feel very mighty all of a sudden.
The black bear bites you but does no damage.
The black bear claws you.
* * * LOW HITPOINT WARNING * * *
The black bear barely misses you.
You puncture the black bear!
The black bear is severely wounded.
The black bear bites you.
* * * LOW HITPOINT WARNING * * *
The black bear claws you.
You die...

#(.# ###.####
#...# #...#
#...## #.###
###...## #.#
#.##...# ##.#
#..##..# #..#
#...#..###.##
#.h##......#
#@##...#####
#.....##
#....##
######


You could see a black bear (drained).

Vanquished Creatures
  An adder (D:2)
  A dart slug (D:1)
  2 endoplasms (D:1)
  2 giant cockroaches
  8 hobgoblins
  2 jackals (D:1)
  4 kobolds
  A quokka (D:1)
  2 ball pythons
  3 bats
  A frilled lizard (D:1)
  4 goblins
  A rat (D:1)
32 creatures vanquished.

Notes
Turn   | Place    | Note
-------+----------+-------------------------------------------
     0 | D:1      | Shayle the Demonspawn Reaver began the quest for the Orb.
     0 | D:1      | Reached XP level 1. HP: 16/16 MP: 3/3
   295 | D:1      | Gained mutation: Spells you cast may paralyse adjacent
                  | enemies. [demonic ancestry]
   295 | D:1      | Reached XP level 2. HP: 20/22 MP: 5/5
   367 | D:1      | Reached skill level 1 in Hexes
   377 | D:1      | Reached skill level 1 in Stealth
  1156 | D:2      | Reached XP level 3. HP: 7/28 MP: 6/6
  2165 | D:3      | Noticed Sigmund
  2178 | D:4      | Noticed a scorpion
  2262 | D:4      | Noticed a black bear
  2274 | D:4      | Slain by a black bear

Illustrated notes

Levels and vault maps discovered:
D:1:      eino_arrival_water_cross, layout_loops_corners,
          nicolae_figureground_pulse
D:2:      layout_basic
D:3:      layout_basic, minmay_vboxes, uniq_sigmund
D:4:      black_bear_nest_2, layout_loops_ring, makhleb_altar_promises_db,
          minmay_temple_entry_statues_pillars, gammafunk_ghost_grave,
          minivault_5, uniq_eustachio

Skill      XL: |  1  2 |
---------------+-------+-----
Hexes          | 1 |  1.6
Stealth        | 1 |  1.6
Fighting       | |  2.7
Polearms       | |  2.6
Dodging        | |  1.7
Spellcasting   | |  2.0
Conjurations   | |  3.0

Action                     || total
---------------------------++-------
  Melee: Spear             ||   165
  Throw: Javelin           ||     2
   Cast: Kiss of Death     ||     1
    Use: Scroll            ||     4
         Potion            ||     3
   Stab: Sleeping          ||     1
 Armour: Leather armour    ||    42
         Skin              ||     3
  Dodge: Dodged            ||    91

Table legend: (Time is in decaauts)
 A = Elapsed time spent in this place.
 B = Non-inter-level travel time spent in this place.
 C = Inter-level travel time spent in this place.
 D = Time resting spent in this place.
 E = Time spent auto-exploring this place.
 F = Levels seen in this place.
 G = Mean time per level.
                   A        B        C        D        E       F      G
               +--------+--------+--------+--------+--------+-----+--------+
         Total |   2268 |   2144 |    124 |    113 |   1517 |   4 |  567.0 |
       Dungeon |   2268 |   2144 |    124 |    113 |   1517 |   4 |  567.0 |
               +--------+--------+--------+--------+--------+-----+--------+

Top non-repeatable levels by time:
     D:1: 1116 daAuts
     D:2: 1023 daAuts
     D:4: 98 daAuts
     D:3: 30 daAuts
